 Dungeon Crawl Stone Soup version 0.28.0 (webtiles) character file.

Game seed: 18224848768223142674

255 browni3141 the Chopper (level 5, -3/48 HPs)
             Began as a Minotaur Berserker on Feb 16, 2022.
             Was a Priest of Trog.
             Slain by Grinder (5 damage)
             ... on level 4 of the Dungeon.
             The game lasted 00:01:21 (2910 turns).

browni3141 the Chopper (Minotaur Berserker)         Turns: 2910, Time: 00:01:22

Health: -3/48      AC:  8    Str: 24    XL:     5   Next: 91%
Magic:  4/4        EV: 10    Int:  4    God:    Trog [***...]
Gold:   168        SH:  0    Dex:  9    Spells: 4/4 levels left

rFire   . . .      SeeInvis .   a - +0 hand axe
rCold   . . .      Faith    .   (no shield)
rNeg    . . .      Spirit   .   c - +0 scale mail
rPois   .          Reflect  .   (helmet restricted)
rElec   .          Harm     .   (no cloak)
rCorr   .          Rampage  .   j - +0 pair of gloves
Will    .....                   (no boots)
Stlth   ..........              (no amulet)
HPRegen 0.16/turn               (no ring)
MPRegen 0.09/turn               (no ring)

@: confused
A: horns 2, retaliatory headbutt
a: Renounce Religion, Berserk, Trog's Hand


You were on level 4 of the Dungeon.
You worshipped Trog.
Trog was most pleased with you.
You visited 1 branch of the dungeon, and saw 4 of its levels.

You collected 168 gold pieces.

Inventory:

Hand Weapons
 a - a +0 hand axe (weapon)
Armour
 b - a +0 animal skin
 c - a +0 scale mail (worn)
 j - a +0 pair of gloves (worn)
Scrolls
 e - a scroll of enchant weapon {unknown}
 i - a scroll of immolation {unknown}
 k - a scroll of identify {unknown}
Potions
 d - 2 potions of lignification {unknown}
 f - 3 potions of attraction {unknown}
 g - a potion of magic {unknown}
 h - a potion of berserk rage {unknown}


   Skills:
 + Level 5.4 Fighting
 + Level 5.5 Axes
 + Level 4.7 Armour
 - Level 2.1 Dodging


You had 4 spell levels left.
You didn't know any spells.
Your spell library was empty.

Dungeon Overview and Level Annotations

Branches:
Dungeon (4/15)
 Temple: D:4-7

Altars:
Qazlal
The Shining One

Annotations:
D:4 3 runed translucent doors, Grinder; PoweredByGinger's ghost, amateur HOFi; browni3141's ghost, amateur MiBe; zazu2006's ghost, novice NaWz


Innate Abilities, Weirdness & Mutations

You have a pair of horns on your head.
You reflexively headbutt those who attack you in melee.


Message History

You miss something. Something hits you but does no damage.
The orc wizard barely misses you.
The gnoll hits you from afar with a +0 spear.
You completely miss the orc wizard.
The orc wizard is severely wounded.
You hit something but do no damage. You closely miss Grinder. Grinder hits you.
You writhe in agony.
You hear some strange, mumbled words.
You are confused.
The orc wizard hits you but does no damage.
The gnoll hits you from afar with a +0 spear.
* * * LOW HITPOINT WARNING * * *
Unknown command.
Unknown command.
Unknown command.
Unknown command.
You are too confused!
Grinder closely misses you.
You hear some strange, mumbled words.
You are more confused.
You bump into the rock wall.
The orc wizard barely misses you.
Grinder says, "Mostly I couldn't keep them alive."
Grinder blinks!
The orc wizard casts a spell.
The orc wizard flickers and vanishes!
You're too confused to move!
Grinder hits you but does no damage. Grinder gestures at you.
You barely resist.
Grinder says, "Tell me all your secrets, or I'll kill you."
You bump into the rock wall.
Grinder gestures at you.
You barely resist.
You bump into the rock wall.
Grinder gestures at you. Pain shoots through your body!
* * * LOW HITPOINT WARNING * * *
Grinder hits you but does no damage.
The orc curses noisily.
Grinder hits you.
You die...

######### .
#......@#######....
####.......5.{ow..(...
#....!..†..###oo......
#........### #.g......
#........# #........
#........# #........
#........#####.[.....#
########....##.......#
#.....#########


You could see Grinder, a dart slug and 3 orcs.

Vanquished Creatures
  A necrophage (D:4)
  A hound (D:3)
  An iguana (D:4)
  4 adders
  A worm (D:2)
  2 dart slugs (D:1)
  An orc (D:3)
  10 bats
  7 endoplasms
  2 giant cockroaches (D:2)
  7 hobgoblins
  2 jackals (D:1)
  A quokka (D:4)
  7 ball pythons
  5 frilled lizards
  5 goblins
  A kobold (D:2)
  6 rats
64 creatures vanquished.

Vanquished Creatures (others)
  7 plants
7 creatures vanquished.

Grand Total: 71 creatures vanquished

Notes
Turn   | Place    | Note
-------+----------+-------------------------------------------
     0 | D:1      | browni3141 the Minotaur Berserker began the quest for the
                  | Orb.
     0 | D:1      | Reached XP level 1. HP: 19/19 MP: 0/0
    73 | D:1      | Reached XP level 2. HP: 25/27 MP: 1/1
   425 | D:1      | Found a faded altar of an unknown god.
   801 | D:1      | Reached ** piety under Trog
   817 | D:1      | Reached XP level 3. HP: 33/33 MP: 2/2
  1839 | D:2      | Reached XP level 4. HP: 38/41 MP: 3/3
  2009 | D:3      | Noticed a water elemental
  2010 | D:3      | Found a stormy altar of Qazlal.
  2013 | D:3      | Noticed a fire elemental
  2019 | D:3      | Noticed an earth elemental
  2613 | D:3      | Found a glowing golden altar of the Shining One.
  2661 | D:3      | Noticed an air elemental
  2760 | D:4      | Found a runed translucent gate.
  2760 | D:4      | Found a runed translucent gate.
  2760 | D:4      | Found a runed translucent gate.
  2763 | D:4      | Noticed browni3141's ghost (amateur MiBe)
  2763 | D:4      | Noticed browni3141's ghost (amateur MiBe)
  2763 | D:4      | Noticed zazu2006's ghost (novice NaWz)
  2763 | D:4      | Noticed PoweredByGinger's ghost (amateur HOFi)
  2818 | D:4      | Reached skill level 5 in Axes
  2821 | D:4      | Noticed a necrophage
  2827 | D:4      | Reached skill level 5 in Fighting
  2827 | D:4      | Reached XP level 5. HP: 37/48 MP: 4/4
  2836 | D:4      | Killed a necrophage
  2893 | D:4      | Reached *** piety under Trog
  2894 | D:4      | Noticed Grinder
  2908 | D:4      | HP: 2/48 [Grinder/nerve-wracking pain (13)]
  2910 | D:4      | Slain by Grinder

Illustrated notes

Levels and vault maps discovered:
D:1:      evilmike_arrival_plus, layout_basic,
          dreamdust_ecumenical_altar_hidden_monk_grotto, serial_bayou_lagoon_a
D:2:      layout_basic, guppyfry_early_lair_pool
D:3:      layout_basic, nicolae_qazlal_style_of_elements, tso_oasis_becter
D:4:      layout_basic, minmay_temple_entry_stoned_glass,
          gammafunk_ghost_cemetery, uniq_edmund, uniq_grinder

Skill      XL: |  1  2  3  4 |
---------------+-------------+-----
Axes           | 4 5 |  5.5
Fighting       | 4 5 |  5.4
Armour         | 3 4 |  4.7
Dodging        | |  2.1

Action                   |  1- 3 |  4- 6 || total
-------------------------+-------+-------++-------
Melee: Hand axe          |    78 |    67 ||   145
       Headbutt          |    13 |    12 ||    25
       Punch             |     1 |     1 ||     2
Armor: Animal skin       |     5 |       ||     5
       Scale mail        |    31 |    27 ||    58
Dodge: Dodged            |    45 |    29 ||    74
